[Event "Team 45 45 League T35"]
[Site "Internet Chess Club"]
[Date "2007.11.10"]
[Round "4"]
[White "Turnedone"]
[Black "gorgon"]
[Result "1/2-1/2"]
[WhiteElo "2090"]
[BlackElo "2120"]
[Opening "Sicilian: O'Kelly variation"]
[ECO "B28"]
[Time "11:56:00"]
[TimeControl "2700+45"]

1. e4 c5 2. Nf3 a6 3. c4 Nc6 4. d4 cxd4 5. Nxd4 g6 6. Nc3 Bg7 7. Be3 Nf6 8. Be2
d6 9. O-O O-O 10. Qd2 Ng4 11. Nxc6 bxc6 12. Bxg4 Bxg4 13. Bh6 Qa5 14. Bxg7 Kxg7
15. Kh1 Rfd8 16. f4 Be6 17. f5 Bc8 18. Rf3 Qe5 19. Raf1 f6 20. Rh3 g5 21. Qe2
Rh8 22. Qh5 Bd7 23. Qh6+ Kf7 24. Qh5+ Kg7 25. Qh6+ Kf7 26. Rg3 Rag8 27. Qh5+ Kf8
28. Rff3 h6 29. Re3 Be8 30. Qe2 h5 31. h4 gxh4 32. Rxg8+ Rxg8 33. Rh3 Qf4 34.
Qe3 Qf1+ 35. Qg1 Qf4 36. Rf3 Qg4 37. Qf2 Bf7 38. b3 Qg5 39. Kh2 Rg7 40. Rh3 Qc1
41. Qxh4 Qd2 42. Rg3 Qe1 43. Qf4 Qxg3+ 44. Qxg3 Rxg3 45. Kxg3 e5 46. fxe6 Bxe6
47. Ne2 c5 48. Nf4 Bg4 49. Kh4 Bd1 50. Nxh5 Kf7 51. Ng3 Bc2 52. Kg4 Bb1 53. a3
Ba2 54. b4 cxb4 55. axb4 Bxc4 56. Nf5 Ke6 57. Kf4 d5 58. Ne3 Bb3 59. Nxd5 Bxd5
60. exd5+ Kxd5 61. Kf5 Kc4 62. Kxf6 Kxb4 63. g4 a5 64. g5 a4 65. g6 a3 66. g7 a2
67. g8=Q a1=Q+ {Game drawn by mutual agreement} 1/2-1/2

[Event "Team 45 45 League T35"]
[Site "Internet Chess Club"]
[Date "2007.11.09"]
[Round "4"]
[White "The7thGuest"]
[Black "nardz"]
[Result "0-1"]
[WhiteElo "2061"]
[BlackElo "2250"]
[Opening "Sicilian: Najdorf, Lipnitzky attack"]
[ECO "B86"]
[Time "03:02:17"]
[TimeControl "2700+45"]

1. e4 c5 2. Nf3 d6 3. d4 cxd4 4. Nxd4 Nf6 5. Nc3 a6 6. Bc4 e6 7. Bb3 Nbd7 8. f4
Nc5 9. Qf3 Qc7 10. f5 Nxb3 11. axb3 Be7 12. O-O O-O 13. g4 d5 14. exd5 Nxd5 15.
Nxd5 exd5 16. g5 Bc5 17. c3 Qe5 18. Be3 Re8 19. Rae1 Bd7 20. Bf2 Qd6 21. b4 Ba7
22. f6 g6 23. Re7 Rxe7 24. fxe7 Re8 25. Bg3 Qxe7 26. Qxd5 Bc6 27. Qd6 Qe4 {White
resigns} 0-1

[Event "Team 45 45 League T35"]
[Site "Internet Chess Club"]
[Date "2007.11.11"]
[Round "4"]
[White "tammany"]
[Black "Grenadier"]
[Result "1/2-1/2"]
[WhiteElo "1558"]
[BlackElo "1772"]
[Opening "QGD Slav: Soultanbéieff variation"]
[ECO "D16"]
[Time "20:01:00"]
[TimeControl "2700+45"]

1. d4 d5 2. c4 c6 3. Nf3 Nf6 4. Nc3 dxc4 5. a4 e6 6. e3 Bb4 7. Bxc4 O-O 8. O-O
Nbd7 9. Qc2 Nd5 10. Bd3 g6 11. e4 Nxc3 12. bxc3 Be7 13. Bh6 Re8 14. e5 Bf8 15.
Bxf8 Rxf8 16. h4 b6 17. h5 Kg7 18. hxg6 hxg6 19. Be4 Bb7 20. c4 Rb8 21. Rfd1 Rh8
22. Kf1 Qe7 23. a5 b5 24. a6 Ba8 25. c5 Rbd8 26. Ke2 Rh6 27. Rh1 Rdh8 28. Rxh6
Rxh6 29. g4 Nb8 30. g5 Rh5 31. Qd2 Nd7 32. Qe3 Nf8 33. Rg1 Qd8 34. Nd2 Nh7 35.
f4 Qa5 36. Qf3 Qxa6 37. Rh1 Rxh1 38. Qxh1 b4+ 39. Bd3 Qa2 40. Qh6+ Kh8 41. Bxg6
fxg6 42. Qxg6 Qd5 43. Qe8+ Kg7 44. Qe7+ Kg6 45. Qe8+ Kg7 46. Qxa8 Qxd4 47. Qxc6
Qxf4 48. Qxe6 Nxg5 49. Qd7+ Kf8 50. c6 Qxe5+ 51. Kd1 Qa1+ 52. Kc2 Qa2+ 53. Kd3
Qa3+ 54. Ke2 Qa6+ 55. Ke3 Qb6+ 56. Kd3 Qb5+ 57. Nc4 Nf3 58. Qd6+ Ke8 59. Qe6+
Kf8 60. c7 Ne1+ 61. Kd2 Nf3+ 62. Kc1 Qg5+ 63. Qe3 Qf5 64. Qxf3 Qxf3 65. c8=Q+
Ke7 66. Qc7+ Ke6 67. Qc8+ Ke7 68. Qc5+ Ke6 69. Qe5+ Kd7 70. Qd6+ Ke8 71. Ne5
Qc3+ 72. Kd1 Qc8 73. Qg6+ Ke7 74. Nc6+ Kd7 75. Qf5+ Kc7 76. Qc5 Qg4+ 77. Kc1
Qf4+ 78. Kb2 Qd2+ 79. Kb1 Qd3+ 80. Kb2 Qa3+ 81. Kb1 Qb3+ 82. Kc1 Qc3+ {Game
drawn by mutual agreement} 1/2-1/2

[Event "Team 45 45 League T35"]
[Site "Internet Chess Club"]
[Date "2007.11.12"]
[Round "4"]
[White "GoIrish"]
[Black "b-spot"]
[Result "0-1"]
[WhiteElo "1541"]
[BlackElo "1643"]
[Opening "English: symmetrical variation"]
[ECO "A37"]
[Time "21:02:08"]
[TimeControl "2700+45"]

1. c4 c5 2. g3 Nc6 3. Bg2 g6 4. Nc3 Bg7 5. Nf3 e6 6. O-O Nge7 7. d3 O-O 8. a3 b6
9. Rb1 Bb7 10. Nb5 d5 11. cxd5 Nxd5 12. Bd2 a6 13. Nc3 Nf6 14. Qc2 Rc8 15. Bf4
Re8 16. Rfd1 Re7 17. b4 cxb4 18. axb4 Nd4 19. Qd2 Bxf3 20. exf3 Rxc3 21. Be3 Rc8
22. f4 Nf5 23. Ra1 Nxe3 24. fxe3 Ra7 25. Ra2 Nd5 26. Ra3 Nxe3 {White resigns}
0-1

[Event "Team 45 45 League T35"]
[Site "Internet Chess Club"]
[Date "2007.11.10"]
[Round "4"]
[White "dougmo"]
[Black "MathWorker"]
[Result "0-1"]
[WhiteElo "1559"]
[BlackElo "1541"]
[Opening "Dutch defense"]
[ECO "A87"]
[Time "08:00:40"]
[TimeControl "2700+45"]

1. d4 f5 2. g3 Nf6 3. Bg2 g6 4. c4 Bg7 5. Nc3 d6 6. Nf3 O-O 7. O-O Qe8 8. Bf4 c6
9. Qd2 Na6 10. Bh6 e5 11. Bxg7 Kxg7 12. dxe5 dxe5 13. Rfd1 Bd7 14. a3 Nc5 15.
Qc2 e4 16. Nd4 Ne6 17. e3 Rd8 18. b4 Qf7 19. Bf1 Nxd4 20. Rxd4 Be6 21. Rad1 Qe7
22. Qd2 Rd7 23. Rxd7 Qxd7 24. Qxd7+ Nxd7 25. c5 Kf7 26. Ne2 Ke7 27. Nf4 Bg8 28.
h4 Rd8 29. Bh3 Ne5 30. Rxd8 Kxd8 31. Bf1 Nf3+ 32. Kg2 Ne1+ 33. Kg1 Nc2 34. b5
Nxa3 35. bxc6 bxc6 36. Ba6 Nc2 37. Ne2 Nb4 38. Bb7 Kc7 39. Bxc6 Kxc6 40. f3 a5
41. fxe4 fxe4 42. g4 Kxc5 43. h5 Nd5 44. hxg6 hxg6 45. Kf2 a4 46. Nd4 a3 {White
resigns} 0-1

[Event "Team 45 45 League T35"]
[Site "Internet Chess Club"]
[Date "2007.11.10"]
[Round "4"]
[White "Mudfrog"]
[Black "werty"]
[Result "1-0"]
[WhiteElo "1457"]
[BlackElo "1434"]
[Opening "French: Winawer, advance, Bogolyubov variation"]
[ECO "C17"]
[Time "14:57:03"]
[TimeControl "2700+45"]

1. e4 e6 2. d4 d5 3. Nc3 Bb4 4. e5 c5 5. Bd2 cxd4 6. Nb5 Bxd2+ 7. Qxd2 Nc6 8. f4
Nge7 9. Nd6+ Kf8 10. Nf3 Nf5 11. Nxf5 exf5 12. Nxd4 Qb6 13. O-O-O Nxd4 14. Qxd4
Qxd4 15. Rxd4 Be6 16. Be2 Ke7 17. Rhd1 Rhd8 18. Bf3 f6 19. Bxd5 Bxd5 20. Rxd5
Rxd5 21. Rxd5 fxe5 22. Rxe5+ Kf6 23. h3 Rd8 24. g4 fxg4 25. hxg4 Rd4 26. Rf5+
Ke6 27. c3 Re4 28. Kd2 g6 29. Rf8 Ra4 30. a3 Ke7 31. Rh8 Rxf4 32. Rxh7+ Ke6 33.
Rxb7 Rxg4 34. Rxa7 Rg2+ 35. Kc1 g5 36. b4 Kd5 37. Rc7 Kd6 38. Rc8 Kd5 39. b5 Ra2
40. b6 Rxa3 41. b7 {Black resigns} 1-0

[Event "Team 45 45 League T35"]
[Site "Internet Chess Club"]
[Date "2007.11.09"]
[Round "4"]
[White "mongmong"]
[Black "Ernie1"]
[Result "1-0"]
[WhiteElo "1749"]
[BlackElo "1601"]
[Opening "Queen's pawn"]
[ECO "A40"]
[Time "18:53:19"]
[TimeControl "2700+45"]

1. d4 c6 2. Nf3 d5 3. e3 Bg4 4. Nbd2 Nf6 5. c4 e6 6. a3 Qa5 7. b3 Bb4 8. h3 Bc3
9. b4 Bxf3 10. gxf3 Bxb4 11. Bb2 Bxd2+ 12. Qxd2 Qxd2+ 13. Kxd2 dxc4 14. Bxc4
Nbd7 15. Rhg1 Nb6 16. Bb3 Nbd5 17. Rxg7 Rg8 18. Rag1 Rxg7 19. Rxg7 Kf8 20. Rg1
Rd8 21. Ke2 Ke7 22. a4 Rg8 23. Rg3 Rb8 24. Ba3+ Kd7 25. Rg7 Ke8 26. Bc2 h5 27.
Bd6 Rd8 28. Be5 Kf8 29. Rg5 Ke7 30. Bb3 Rg8 31. Rg3 Rxg3 32. fxg3 Nc3+ 33. Kd3
Ncd5 34. Kd2 Nd7 35. Bh8 Kf8 36. e4 Ne7 37. Be5 Nxe5 38. dxe5 Ng6 39. f4 h4 40.
gxh4 Nxf4 41. Ke3 Ng6 42. Kd4 Nxh4 43. Bd1 Ke7 44. a5 Kd7 45. Bh5 Ng6 46. Bg4
Kc7 47. Kc5 b6+ 48. axb6+ axb6+ 49. Kd4 c5+ 50. Ke3 Nxe5 51. Be2 Ng6 52. Bb5 Kd6
53. Be8 Ke7 54. Bb5 f6 55. Be2 f5 56. exf5 exf5 57. Bh5 Kf6 58. Kf3 b5 59. Kf2
Nf4 60. Be8 Nxh3+ 61. Kg3 Ng5 62. Bxb5 Ne4+ 63. Kf3 Ke5 64. Bd7 c4 65. Ke2 f4
66. Bc6 c3 67. Kd3 Ng5 68. Kxc3 Ne4+ 69. Kd3 Nd6 70. Bf3 Nf5 71. Ke2 Nd4+ 72.
Kf2 Nf5 73. Bh1 Nh4 74. Ba8 Kd4 75. Bh1 {Black resigns} 1-0

[Event "Team 45 45 League T35"]
[Site "Internet Chess Club"]
[Date "2007.11.11"]
[Round "4"]
[White "NESKAYA"]
[Black "Bdayton"]
[Result "0-1"]
[WhiteElo "1542"]
[BlackElo "1655"]
[Opening "Two knights defense"]
[ECO "C55"]
[Time "20:04:26"]
[TimeControl "2700+45"]

1. e4 e5 2. Nf3 Nc6 3. Bc4 Nf6 4. O-O Bc5 5. d3 O-O 6. Bg5 h6 7. Bh4 Be7 8. Nbd2
d6 9. h3 Nh5 10. Bxe7 Qxe7 11. a3 Nf4 12. Nh2 Nd4 13. c3 Nde2+ 14. Kh1 c6 15. g3
Bxh3 16. gxf4 Bxf1 17. Qxf1 Nxf4 18. Ndf3 b5 19. Bb3 d5 20. exd5 cxd5 21. Re1 f6
22. c4 bxc4 23. dxc4 Qb7 24. Re3 d4 25. c5+ Kh8 26. c6 Qxc6 27. Rd3 Nxd3 28.
Qxd3 e4 29. Nxd4 exd3+ 30. Nxc6 d2 31. Ne7 Rfe8 32. Ng6+ Kh7 33. Nf4 d1=Q+ 34.
Bxd1 Re1+ 35. Kg2 Rxd1 36. Nf3 Rb1 37. b4 Ra1 38. Nd5 Rxa3 39. Nd4 Rd3 40. Nc7
Rxd4 41. Nxa8 Rxb4 42. Nc7 a5 43. Nd5 Kg6 44. Nxb4 axb4 45. Kf1 Kf5 46. Ke2 Kf4
47. Kd3 h5 {White resigns} 0-1

[Event "Team 45 45 League T35"]
[Site "Internet Chess Club"]
[Date "2007.11.12"]
[Round "4"]
[White "holtmild"]
[Black "MarcoDeSade"]
[Result "0-1"]
[WhiteElo "1495"]
[BlackElo "1516"]
[Opening "French: Winawer (Nimzovich) variation"]
[ECO "C15"]
[Time "13:30:50"]
[TimeControl "2700+45"]

1. e4 e6 2. d4 d5 3. Nc3 Bb4 4. Bd3 Nf6 5. Bg5 dxe4 6. Bxe4 Nbd7 7. Ne2 c6 8.
O-O O-O 9. Qd3 Qa5 10. Bxf6 Nxf6 11. Bf3 Bd7 12. Rfe1 Nd5 13. a3 Bxc3 14. Nxc3
Nxc3 15. bxc3 Rad8 16. Re5 Qc7 17. Be4 g6 18. h4 f6 19. Rc5 b6 20. Rc4 f5 21.
Bf3 Be8 22. Re1 Rd6 23. Re5 Bd7 24. d5 Rd8 25. Qe3 Re8 26. dxe6 Bxe6 27. Bd5 Kf7
28. Bxe6+ Rdxe6 29. Rxe6 Rxe6 30. Qd2 c5 31. g3 Qd6 32. Qc1 Re2 33. Rf4 Qd2 34.
Qxd2 Rxd2 35. g4 Kf6 36. gxf5 gxf5 37. Rf3 Rxc2 38. Kg2 Ra2 39. c4 Rc2 40. Rd3
Rxc4 41. Kg3 Rd4 42. Re3 b5 43. Rb3 b4 44. f4 a5 45. axb4 cxb4 46. Rb1 a4 47.
Kf3 b3 48. Ke3 Rb4 49. Kd3 Rxf4 50. Kc3 Rxh4 51. Kb2 h5 52. Ka3 Re4 53. Rb2 f4
54. Rh2 Kg5 55. Rg2+ Kh6 56. Kb2 f3 57. Rf2 Rf4 58. Kc3 Kg5 59. Kb2 Kg4 {White
resigns} 0-1

[Event "Team 45 45 League T35"]
[Site "Internet Chess Club"]
[Date "2007.11.11"]
[Round "4"]
[White "sdcohle"]
[Black "EyeAm"]
[Result "1-0"]
[WhiteElo "1414"]
[BlackElo "1377"]
[Opening "Dutch defense"]
[ECO "A84"]
[Time "19:59:46"]
[TimeControl "2700+45"]

1. d4 f5 2. c4 Nf6 3. Nf3 d6 4. e3 g6 5. Bd3 Bg7 6. O-O O-O 7. Nc3 Nc6 8. a3 Bd7
9. Qc2 e5 10. dxe5 dxe5 11. e4 fxe4 12. Nxe4 Nxe4 13. Bxe4 Qe8 14. Re1 Bf5 15.
b4 Nd4 16. Nxd4 exd4 17. Bd5+ Kh8 18. Rxe8 Raxe8 19. Qd2 d3 20. Bb2 Re2 21.
Bxg7+ Kxg7 22. Qc3+ Rf6 23. Bf3 Rc2 24. Qe1 d2 25. Qe7+ Rf7 26. Qe5+ Rf6 27. Rd1
Rxc4 28. g4 Rc3 29. Qxc3 {Black forfeits on time} 1-0

[Event "Team 45 45 League T35"]
[Site "Internet Chess Club"]
[Date "2007.11.10"]
[Round "4"]
[White "Beancounter"]
[Black "Luckydawg"]
[Result "1-0"]
[WhiteElo "1797"]
[BlackElo "1635"]
[Opening "King's Indian: orthodox, Aronin-Taimanov, bayonet attack"]
[ECO "E97"]
[Time "07:28:00"]
[TimeControl "2700+45"]

1. Nf3 Nf6 2. d4 d6 3. c4 g6 4. Nc3 Bg7 5. e4 O-O 6. Be2 e5 7. O-O Nc6 8. d5 Ne7
9. b4 Nh5 10. Re1 f5 11. Ng5 Nf6 12. Ne6 Bxe6 13. dxe6 Nc6 14. exf5 gxf5 15. b5
Nd4 16. Nd5 Nxe6 17. a4 Nd4 18. Bf1 Nxd5 19. cxd5 Qh4 20. Ra3 Qf6 21. Rc3 Rf7
22. Rh3 Kh8 23. Be3 Rg8 24. Bxd4 exd4 25. Re6 Qg5 26. Rh5 Qd8 27. Rxh7+ {Black
resigns} 1-0

[Event "Team 45 45 League T35"]
[Site "Internet Chess Club"]
[Date "2007.11.10"]
[Round "4"]
[White "boffman"]
[Black "Stav"]
[Result "1/2-1/2"]
[WhiteElo "1589"]
[BlackElo "1649"]
[Opening "English: symmetrical variation"]
[ECO "A30"]
[Time "15:23:30"]
[TimeControl "2700+45"]

1. c4 c5 2. g3 Nf6 3. Bg2 e6 4. Nf3 Be7 5. O-O O-O 6. Nc3 a6 7. d4 cxd4 8. Nxd4
Qc7 9. b3 Nc6 10. Bb2 Nxd4 11. Qxd4 Rd8 12. e4 d6 13. Rfe1 Bd7 14. Rad1 Bc6 15.
h3 Rac8 16. Qe3 b5 17. cxb5 axb5 18. Rc1 Qb7 19. Kh2 b4 20. Nb1 d5 21. exd5 Nxd5
22. Bxd5 Bxd5 23. Rxc8 Rxc8 24. Rc1 Rxc1 25. Qxc1 h6 26. Ba1 Qa7 27. Qc2 Bc5 28.
Qb2 f6 29. Kg1 Qc7 30. Kh2 e5 31. Qe2 Qc6 32. Qe1 Bf3 33. Nd2 e4 34. Nxf3 exf3
35. Qd2 Qb5 36. Kg1 Qe2 37. Qd5+ Kh7 38. Qxc5 Qe1+ 39. Kh2 Qf1 40. Qf5+ g6 41.
Qxf3 Qxa1 42. Qb7+ Kg8 43. Qc8+ Kf7 44. Qd7+ Kg8 45. Qe8+ Kg7 46. Qe7+ Kg8 47.
Qxb4 Qxa2 48. Qc4+ Kf8 49. Qc8+ Ke7 50. Qc7+ Ke6 51. Qc4+ Ke7 52. Qb4+ Ke6 53.
Qc4+ Ke7 {Game drawn by mutual agreement} 1/2-1/2

[Event "Team 45 45 League T35"]
[Site "Internet Chess Club"]
[Date "2007.11.12"]
[Round "4"]
[White "Cantemir"]
[Black "Vincenzo76"]
[Result "0-1"]
[WhiteElo "1501"]
[BlackElo "1611"]
[Opening "Réti: King's Indian attack"]
[ECO "A08"]
[Time "06:05:35"]
[TimeControl "2700+45"]

1. Nf3 d5 2. g3 c5 3. Bg2 Nc6 4. O-O e5 5. d3 f5 6. Bg5 Be7 7. Qd2 e4 8. Bxe7
Ngxe7 9. dxe4 fxe4 10. Ng5 h6 11. Nh3 O-O 12. c4 d4 13. Kh1 Bf5 14. e3 Qd7 15.
Ng1 Qe6 16. b3 Rad8 17. exd4 cxd4 18. Qb2 Nb4 19. Nd2 Nd3 20. Qc2 e3 21. Qd1
Nxf2+ 22. Rxf2 exf2 23. Ne2 Bg4 24. Nf3 Bxf3 25. Bxf3 Qe3 26. Bg2 d3 27. Nf4 g5
28. Qg4 Rxf4 29. gxf4 Qe1+ 30. Bf1 Qxa1 31. Qe6+ Kf8 32. Qxh6+ Qg7 33. fxg5 Qxh6
34. gxh6 Kg8 35. Kg2 d2 36. Be2 d1=Q 37. Bxd1 Rxd1 38. Kxf2 Rd2+ 39. Ke3 Rxh2
40. Kd4 Rxa2 41. Kc5 Ra5+ 42. Kd6 Nf5+ 43. Kc7 b6 44. b4 Ra4 45. c5 Rxb4 46. c6
Nd4 47. h7+ Kxh7 48. Kb7 Nxc6 49. Kxc6 a5 50. Kd5 a4 51. Kc6 a3 52. Kb7 a2 53.
Kc6 a1=Q 54. Kb7 Qh1+ 55. Ka6 Qa8# {White checkmated} 0-1

[Event "Team 45 45 League T35"]
[Site "Internet Chess Club"]
[Date "2007.11.11"]
[Round "4"]
[White "Zyme"]
[Black "mal57"]
[Result "1-0"]
[WhiteElo "1422"]
[BlackElo "1433"]
[Opening "Queen's pawn game"]
[ECO "E20"]
[Time "18:04:39"]
[TimeControl "2700+34"]

1. d4 e6 2. c4 Nf6 3. Nc3 Be7 4. Nf3 c5 5. d5 exd5 6. Nxd5 Nxd5 7. cxd5 c4 8. e4
b5 9. Be2 Na6 10. Be3 Nc5 11. d6 Nd3+ 12. Bxd3 cxd3 13. dxe7 Qxe7 14. Qxd3 Qb4+
15. Nd2 Qa5 16. O-O O-O 17. Nb3 Qa4 18. Rfd1 Qc4 19. Rac1 Qxd3 20. Rxd3 Bb7 21.
f3 d5 22. exd5 Rfd8 23. Rc5 b4 {Black resigns} 1-0

[Event "Team 45 45 League T35"]
[Site "Internet Chess Club"]
[Date "2007.11.07"]
[Round "4"]
[White "PatoJuca"]
[Black "AntonioMendonca"]
[Result "1/2-1/2"]
[WhiteElo "1792"]
[BlackElo "1675"]
[Opening "Sicilian: Alapin's variation (2.c3)"]
[ECO "B22"]
[Time "15:42:12"]
[TimeControl "2700+45"]

1. e4 c5 2. c3 Nf6 3. e5 Nd5 4. Nf3 Nc6 5. Bc4 Nb6 6. Bb3 c4 7. Bc2 g6 8. Na3 a6
9. Qe2 d5 10. exd6 Qxd6 11. Nxc4 Nxc4 12. Qxc4 Be6 13. Qh4 Bxa2 14. O-O Bd5 15.
Ng5 h6 16. Ne4 Qc7 17. d3 Bg7 18. Re1 O-O-O 19. Nc5 f5 20. Be3 g5 21. Qh3 e6 22.
f3 Ne7 23. c4 Bxb2 24. Rab1 Bc3 25. Re2 Qe5 26. cxd5 Nxd5 27. Nxb7 Bd4 28. Nxd8
Bxe3+ 29. Kh1 Rxd8 30. Rbe1 f4 31. Bb3 Rd6 32. Qxh6 Kb7 33. Rb1 Nc3 34. Bd5+ Kc8
35. Bxe6+ Rxe6 36. Qf8+ Re8 37. Qh6 Nxb1 38. Qxa6+ Kd8 39. d4 Qxd4 40. Qa8+ Ke7
41. Qb7+ Kf6 42. Qxb1 Rc8 43. Re1 Qd2 44. Rd1 Qc2 45. Qa1+ Rc3 46. Rd6+ Ke7 47.
Rd1 Kf6 48. Rd6+ Ke7 49. Rd1 Qxd1+ 50. Qxd1 Rc1 51. Qxc1 Bxc1 52. g3 Kd6 53. Kg2
Bb2 54. Kh3 Ke5 55. Kg4 Bc1 56. h4 fxg3 57. Kxg3 Bf4+ 58. Kg4 gxh4 {Game drawn
by mutual agreement} 1/2-1/2

[Event "Team 45 45 League T35"]
[Site "Internet Chess Club"]
[Date "2007.11.08"]
[Round "4"]
[White "shakkiipe"]
[Black "OGO"]
[Result "1-0"]
[WhiteElo "1657"]
[BlackElo "1618"]
[Opening "English, 1...Nf6 (Anglo-Indian defense)"]
[ECO "A15"]
[Time "11:00:44"]
[TimeControl "2700+45"]

1. c4 Nf6 2. g3 d6 3. Bg2 Nbd7 4. d4 e6 5. Nc3 Be7 6. e4 e5 7. d5 O-O 8. Nge2 b6
9. O-O Bb7 10. f3 Rc8 11. f4 c6 12. Bh3 cxd5 13. cxd5 Qc7 14. Be3 a6 15. Rc1 Qd8
16. fxe5 dxe5 17. d6 b5 18. dxe7 Qxe7 19. Nd5 Nxd5 20. exd5 Qd6 21. Nc3 Rcd8 22.
a3 Nf6 23. Bg2 Ng4 24. Qxg4 {Black resigns} 1-0

[Event "Team 45 45 League T35"]
[Site "Internet Chess Club"]
[Date "2007.11.08"]
[Round "4"]
[White "dondel"]
[Black "LuctorEmergo"]
[Result "0-1"]
[WhiteElo "1464"]
[BlackElo "1442"]
[Opening "Queen's pawn game"]
[ECO "E10"]
[Time "15:04:38"]
[TimeControl "2700+45"]

1. d4 e6 2. c4 Nf6 3. Nf3 c5 4. e3 b6 5. Nc3 Bb7 6. d5 Qe7 7. Be2 d6 8. b3 g6 9.
e4 Bg7 10. O-O Nxe4 11. Bd2 Nxc3 12. Bxc3 Bxc3 13. Rb1 O-O 14. Qd3 Bg7 15. Rfe1
e5 16. Bd1 Nd7 17. g3 Rae8 18. Qc2 Bc8 19. h4 Nf6 20. Ng5 Bf5 21. Qb2 Bxb1 22.
Qxb1 h6 23. Ne4 Nxe4 24. Qxe4 f5 25. Qc2 Qf6 26. a3 h5 27. b4 e4 28. bxc5 bxc5
29. Qa4 e3 30. fxe3 Qc3 31. Kf2 Bh6 {White resigns} 0-1

[Event "Team 45 45 League T35"]
[Site "Internet Chess Club"]
[Date "2007.11.10"]
[Round "4"]
[White "lw"]
[Black "Playing4TheKing"]
[Result "1-0"]
[WhiteElo "1534"]
[BlackElo "1303"]
[Opening "Caro-Kann defense"]
[ECO "B15"]
[Time "13:00:19"]
[TimeControl "2700+45"]

1. e4 c6 2. d4 d5 3. Nc3 dxe4 4. Bc4 Bf5 5. f3 exf3 6. Nxf3 e6 7. Bf4 Nd7 8. Qd2
Ngf6 9. Bg5 Be7 10. O-O h6 11. Bxf6 Nxf6 12. Rae1 O-O 13. Nh4 Bh7 14. Bd3 Ng4
15. Bxh7+ Kxh7 16. Qd3+ Kg8 17. Nf3 Bh4 18. Nxh4 Qxh4 19. h3 Nf6 20. Ne4 Nxe4
21. Rxe4 Qh5 22. Qg3 Rfd8 23. Rg4 g6 24. Qf4 Qf5 25. Qxh6 Qxc2 26. Rh4 f5 27.
Qxg6+ Kf8 28. Qf6+ Ke8 29. Qxe6+ Kf8 30. Rxf5+ Kg7 31. Qf7# {Black checkmated}
1-0

[Event "Team 45 45 League T35"]
[Site "Internet Chess Club"]
[Date "2007.11.11"]
[Round "4"]
[White "DeLaSalle"]
[Black "bobhill"]
[Result "1-0"]
[WhiteElo "2058"]
[BlackElo "2040"]
[Opening "Nimzovich-Larsen attack: classical variation"]
[ECO "A01"]
[Time "14:06:04"]
[TimeControl "2700+45"]

1. b3 d5 2. Bb2 c5 3. e3 Nc6 4. Bb5 a6 5. Bxc6+ bxc6 6. f4 Nf6 7. Nf3 Bg4 8. h3
Bd7 9. O-O g6 10. Ne5 Bg7 11. d3 O-O 12. Nxd7 Qxd7 13. Nd2 a5 14. a4 Ne8 15.
Bxg7 Nxg7 16. Qf3 Rab8 17. Rae1 f5 18. Qf2 Rfe8 19. Nf3 Qd6 20. Ne5 e6 21. g4
Re7 22. Re2 Ne8 23. g5 Qc7 24. Qf3 Nd6 25. h4 Nf7 26. Nxf7 Rxf7 27. h5 e5 28.
Rh2 e4 29. dxe4 dxe4 30. Qh3 Rg7 31. Rd1 Rd8 32. Rhd2 Rgd7 33. Rxd7 Rxd7 34.
Rxd7 Qxd7 35. Qf1 Qd2 36. Qc4+ Qd5 37. hxg6 hxg6 38. Qc3 Qd6 39. Kf2 Kf7 40. Ke2
Ke6 41. Qxa5 Qe7 42. Qc3 Kd7 43. a5 Kc8 44. Qe5 Qf8 45. Qe6+ Kb7 46. Qxg6 Qh8
47. Qf7+ Ka8 48. Kd2 Qd8+ 49. Kc1 Qxa5 50. Qe8+ Kb7 51. Qd7+ Kb6 52. Qd8+ {Black
resigns} 1-0

[Event "Team 45 45 League T35"]
[Site "Internet Chess Club"]
[Date "2007.11.10"]
[Round "4"]
[White "A-Ru"]
[Black "Ser-Enigma"]
[Result "0-1"]
[WhiteElo "1891"]
[BlackElo "2109"]
[Opening "Queen's bishop game"]
[ECO "D02"]
[Time "08:01:49"]
[TimeControl "2700+45"]

1. d4 Nf6 2. Nf3 d5 3. Bf4 c5 4. c3 e6 5. e3 Qb6 6. Qb3 c4 7. Qxb6 axb6 8. Nbd2
Nc6 9. a3 b5 10. O-O-O Nh5 11. g3 Nxf4 12. exf4 f6 13. Bg2 Kf7 14. Ne1 Bd6 15.
f5 e5 16. Bxd5+ Ke7 17. Ndf3 Bxf5 18. dxe5 fxe5 19. Nc2 Rad8 20. Rhe1 Kf6 21.
Ne3 g6 22. h4 h6 23. Nd2 Na5 24. Ne4+ Kg7 25. Kc2 Rhf8 26. f3 Be7 27. Rh1 Bc8
28. Rdf1 Nb3 29. Rh2 Nc5 30. Re2 Bf5 31. Nxf5+ gxf5 32. Nxc5 Bxc5 33. Bxb7 Kf6
34. g4 f4 35. Rd2 Rxd2+ 36. Kxd2 Rb8 37. Bc6 Rb6 38. Be4 Be3+ 39. Kc2 Ke7 40.
Rd1 Bf2 41. Rd5 Ke6 42. h5 Bh4 43. Rc5 Bd8 44. Rc6+ Kd7 45. Rc5 Bf6 46. a4 bxa4
47. Rxc4 Ra6 48. Bc6+ Rxc6 49. Rxa4 Ke6 50. b4 e4 51. b5 Rxc3+ {White resigns}
0-1

[Event "Team 45 45 League T35"]
[Site "Internet Chess Club"]
[Date "2007.11.19"]
[Round "4"]
[White "luar1609"]
[Black "Beetlejuice"]
[Result "1-0"]
[WhiteElo "2117"]
[BlackElo "1912"]
[Opening "Petrov: Kaufmann attack"]
[ECO "C42"]
[Time "14:05:45"]
[TimeControl "2700+45"]

1. e4 e5 2. Nf3 Nf6 3. Nxe5 d6 4. Nf3 Nxe4 5. c4 Be7 6. d4 O-O 7. Bd3 d5 8. O-O
Nc6 9. Nc3 Nxc3 10. bxc3 Bg4 11. Re1 Bf6 12. Ba3 Bxf3 13. Qxf3 Ne7 14. cxd5 Re8
15. Bb5 Rf8 16. Qe4 Nxd5 17. Bd3 g6 18. Bxf8 Kxf8 19. Rac1 c6 20. Bc4 Qa5 21.
Qf3 Bg7 22. Bb3 Rd8 23. c4 Nb4 24. d5 Bh6 25. a3 Bxc1 26. axb4 Qa3 27. Qf6 Qb2
28. Qxd8+ Kg7 29. dxc6 Bd2 30. Rd1 {Black resigns} 1-0

[Event "Team 45 45 League T35"]
[Site "Internet Chess Club"]
[Date "2007.11.12"]
[Round "4"]
[White "camembert"]
[Black "saZmer"]
[Result "1-0"]
[WhiteElo "1902"]
[BlackElo "1784"]
[Opening "King's Indian: Averbakh system"]
[ECO "E73"]
[Time "15:16:18"]
[TimeControl "2700+45"]

1. d4 Nf6 2. c4 g6 3. Nc3 Bg7 4. e4 d6 5. Be2 O-O 6. Bg5 e5 7. dxe5 dxe5 8. Qxd8
Rxd8 9. Nd5 Nbd7 10. Rd1 Rf8 11. Nxc7 Rb8 12. f3 Nb6 13. Nd5 Nfxd5 14. cxd5 f5
15. Be3 Na4 16. Bb5 Nxb2 17. Rb1 fxe4 18. Rxb2 exf3 19. Nxf3 e4 20. Nd4 a6 21.
Bxa6 Ra8 22. Bb5 Ra3 23. Kd2 Rd8 24. Rc2 Bd7 25. Bc4 b5 26. Bb3 b4 27. Rhc1 Kf7
28. Nc6 Bc3+ 29. Ke2 Bg4+ 30. Kf2 Rf8 31. Bc5 e3+ 32. Bxe3 Kg7+ 33. Kg1 Ra6 34.
Bd4+ Bxd4+ 35. Nxd4 Raf6 36. h3 Bd7 37. Rc7 R8f7 38. d6 Rxd6 39. Bxf7 Rxd4 40.
Be6 {Black resigns} 1-0

[Event "Team 45 45 League T35"]
[Site "Internet Chess Club"]
[Date "2007.11.11"]
[Round "4"]
[White "chiiwen"]
[Black "izit"]
[Result "1-0"]
[WhiteElo "1929"]
[BlackElo "2146"]
[Opening "Sicilian: closed"]
[ECO "B23"]
[Time "14:47:43"]
[TimeControl "2700+45"]

1. e4 c5 2. Nc3 d6 3. g3 Nc6 4. Bg2 Nf6 5. d3 g6 6. h3 Bg7 7. Be3 Rb8 8. Qd2 b5
9. f4 Nd7 10. Nge2 b4 11. Nd1 a5 12. O-O a4 13. d4 O-O 14. e5 Nxd4 15. Bxd4 cxd4
16. exd6 Qb6 17. dxe7 Re8 18. Nf2 Rxe7 19. Rad1 Ba6 20. Rfe1 Rbe8 21. Nd3 Nc5
22. Nec1 b3 23. axb3 axb3 24. Rxe7 Rxe7 25. Nxc5 Qxc5 26. Nxb3 Qb6 27. Nxd4 Qxb2
28. c3 Qb6 29. Kh2 Rc7 30. Qe3 h5 31. Qe8+ Kh7 32. Nf3 Bxc3 33. Ng5+ Kh6 34.
Nxf7+ Kg7 35. Ng5 Bb5 36. Qe6 Qb8 37. Qd6 Bc4 38. Rc1 Bb4 39. Qe5+ Kh6 40. Rxc4
{Black resigns} 1-0